| TOP OF THE 1ST |
|
Bluefield Blue Jays batting - Pitching for Orem Owlz : RHP Michael Coleman
|
|
Pitching: RHP Michael Coleman
|
|
|
Batting: LHB Nate Greening
|
0-0: Ball 1-0: Ball 2-0: Foul Ball, location: 2F 2-1: Fly out, F9 (Line Drive, 9, EV 88.8 MPH)
|
|
Batting: RHB Jorge Cruz
|
0-0: Foul Ball, location: 2F 0-1: Ball 1-1: Ground out 6-3 (Groundball, 6, EV 83.8 MPH)
|
|
Batting: RHB Mark Noftall
|
0-0: Called Strike 0-1: Ball 1-1: Ball 2-1: SOLO HOME RUN (Flyball, 78XD, EV 106.2 MPH), Distance : 432 ft
|
|
Batting: RHB Terry Plumley
|
0-0: Ball 1-0: Ball 2-0: Foul Ball, location: 2F 2-1: Ball 3-1: Fly out, F7 (Flyball, 7S, EV 97.5 MPH)
|
| Top of the 1st over - 1 run, 1 hit, 0 errors, 0 left on base; Bluefield 1 - Orem 0 |
| BOTTOM OF THE 1ST |
|
Orem Owlz batting - Pitching for Bluefield Blue Jays : RHP Marcus Reiling
|
|
Pitching: RHP Marcus Reiling
|
|
|
Batting: RHB Daniel Molina
|
0-0: Fly out, F9 (Flyball, 9LS, EV 91.9 MPH)
|
|
Batting: RHB Fred Saxton
|
0-0: Called Strike 0-1: Called Strike 0-2: Ball 1-2: Foul Ball, location: 2F 1-2: Fly out, F8 (Flyball, 8RD, EV 92.5 MPH)
|
|
Batting: LHB Ramon Garduno
|
0-0: Ball 1-0: Swinging Strike 1-1: Foul Ball, location: 2F 1-2: Ball 2-2: Ball 3-2: Foul Ball, location: 2F 3-2: Foul Ball, location: 2F 3-2: Strikes out swinging
|
| Bottom of the 1st over - 0 runs, 0 hits, 0 errors, 0 left on base; Bluefield 1 - Orem 0 |
| TOP OF THE 2ND |
|
Bluefield Blue Jays batting - Pitching for Orem Owlz : RHP Michael Coleman
|
|
Batting: RHB John Rios
|
0-0: Called Strike 0-1: Swinging Strike 0-2: Strikes out swinging
|
|
Batting: RHB Dustin Bargman
|
0-0: Foul Ball, location: 2F 0-1: Ball 1-1: Called Strike 1-2: Foul Ball, location: 2F 1-2: Foul Ball, location: 2F 1-2: Fly out, F9 (Flyball, 89M, EV 91.2 MPH)
|
|
Batting: LHB Ron de Vos
|
0-0: Called Strike 0-1: Foul Ball, location: 2F 0-2: Ball 1-2: Strikes out looking
|
| Top of the 2nd over - 0 runs, 0 hits, 0 errors, 0 left on base; Bluefield 1 - Orem 0 |
| BOTTOM OF THE 2ND |
|
Orem Owlz batting - Pitching for Bluefield Blue Jays : RHP Marcus Reiling
|
|
Batting: SHB Yuya Hirata
|
0-0: Ball 1-0: SINGLE (Line Drive, 6D, EV 96.9 MPH)
|
|
Batting: RHB Aaron Bryant
|
0-0: Ball 1-0: Ball 2-0: Called Strike 2-1: Foul Ball, location: 2F 2-2: Strikes out looking
|
|
Batting: SHB David Vigo
|
0-0: Ball 1-0: Ball Wild Pitch! Yuya Hirata to second 2-0: Swinging Strike 2-1: Swinging Strike 2-2: Strikes out swinging
|
|
Batting: SHB Marty Kuehn
|
0-0: Ball 1-0: Ball 2-0: Foul Ball, location: 2F 2-1: Ball 3-1: Swinging Strike 3-2: Foul Ball, location: 2F 3-2: Foul Ball, location: 2F 3-2: Strikes out looking
|
| Bottom of the 2nd over - 0 runs, 1 hit, 0 errors, 1 left on base; Bluefield 1 - Orem 0 |
| TOP OF THE 3RD |
|
Bluefield Blue Jays batting - Pitching for Orem Owlz : RHP Michael Coleman
|
|
Batting: RHB Manny Elizondo
|
0-0: Called Strike 0-1: Ball 1-1: Ball 2-1: SINGLE (Groundball, 34D, EV 105.6 MPH)
|
|
Batting: RHB Jorge Alva
|
0-0: TRIPLE (Line Drive, 89XD, EV 106.2 MPH) Manny Elizondo scores
|
|
Batting: LHB Nate Greening
|
0-0: Ball 1-0: Called Strike 1-1: Foul Ball, location: 2F 1-2: Ball 2-2: Ball 3-2: DOUBLE (Flyball, 8RXD, EV 110.0 MPH) Jorge Alva scores
|
|
Batting: RHB Jorge Cruz
|
0-0: Foul Ball, location: 2F 0-1: Fly out, F8 (Line Drive, 8RM, EV 96.9 MPH)
|
|
Batting: RHB Mark Noftall
|
0-0: Ball 1-0: Fly out, F9 (Flyball, 9LMF, EV 105.6 MPH)
|
|
Batting: RHB Terry Plumley
|
0-0: Called Strike 0-1: Fly out, F8 (Flyball, 78D, EV 101.2 MPH)
|
| Top of the 3rd over - 2 runs, 3 hits, 0 errors, 1 left on base; Bluefield 3 - Orem 0 |
| BOTTOM OF THE 3RD |
|
Orem Owlz batting - Pitching for Bluefield Blue Jays : RHP Marcus Reiling
|
|
Batting: LHB Kevin Feldman
|
0-0: Ball 1-0: Foul Ball, location: 2F 1-1: Called Strike 1-2: Ball 2-2: Ball 3-2: Base on Balls
|
|
Batting: RHB Carlos Gonzales
|
0-0: Ball Kevin Feldman is caught stealing 2nd base 2-4 1-0: Ball 2-0: Fly out, F9 (Flyball, 9LMF, EV 100.6 MPH)
|
|
Batting: RHB Daniel Molina
|
0-0: Foul Ball, location: 2F 0-1: Called Strike 0-2: Ball 1-2: Ground out 4-3 (Groundball, 34, EV 91.2 MPH)
|
| Bottom of the 3rd over - 0 runs, 0 hits, 0 errors, 0 left on base; Bluefield 3 - Orem 0 |
| TOP OF THE 4TH |
|
Bluefield Blue Jays batting - Pitching for Orem Owlz : RHP Michael Coleman
|
|
Batting: RHB John Rios
|
0-0: Called Strike 0-1: Ball 1-1: Ball 2-1: Fly out, F8 (Flyball, 89D, EV 93.1 MPH)
|
|
Batting: RHB Dustin Bargman
|
0-0: Called Strike 0-1: Swinging Strike 0-2: Ball 1-2: Foul Ball, location: 2F 1-2: Ball 2-2: Ground out 5-3 (Groundball, 56, EV 90.0 MPH)
|
|
Batting: LHB Ron de Vos
|
0-0: Hit by Pitch
|
|
Batting: RHB Manny Elizondo
|
0-0: Ball Ron de Vos is caught stealing 2nd base 2-4
|
| Top of the 4th over - 0 runs, 0 hits, 0 errors, 0 left on base; Bluefield 3 - Orem 0 |
| BOTTOM OF THE 4TH |
|
Orem Owlz batting - Pitching for Bluefield Blue Jays : RHP Marcus Reiling
|
|
Batting: RHB Fred Saxton
|
0-0: Ball 1-0: Called Strike 1-1: Called Strike 1-2: Strikes out swinging
|
|
Batting: LHB Ramon Garduno
|
0-0: Called Strike 0-1: Foul Ball, location: 2F 0-2: Ball 1-2: Strikes out looking
|
|
Batting: SHB Yuya Hirata
|
0-0: Called Strike 0-1: Ball 1-1: Fly out, F5 (Popup, 5, EV 73.8 MPH)
|
| Bottom of the 4th over - 0 runs, 0 hits, 0 errors, 0 left on base; Bluefield 3 - Orem 0 |
| TOP OF THE 5TH |
|
Bluefield Blue Jays batting - Pitching for Orem Owlz : RHP Michael Coleman
|
|
Batting: RHB Manny Elizondo
|
0-0: Called Strike 0-1: Ball 1-1: Foul Ball, location: 2F 1-2: Strikes out swinging
|
|
Batting: RHB Jorge Alva
|
0-0: Ball 1-0: Called Strike 1-1: Fly out, F8 (Flyball, 8RXD, EV 90.6 MPH)
|
|
Batting: LHB Nate Greening
|
0-0: Ball 1-0: Swinging Strike 1-1: Ball 2-1: Called Strike 2-2: Foul Ball, location: 2F 2-2: Ball 3-2: Foul Ball, location: 2F 3-2: Foul Ball, location: 2F 3-2: Fly out, F6 (Popup, 6S, EV 73.1 MPH)
|
| Top of the 5th over - 0 runs, 0 hits, 0 errors, 0 left on base; Bluefield 3 - Orem 0 |
| BOTTOM OF THE 5TH |
|
Orem Owlz batting - Pitching for Bluefield Blue Jays : RHP Marcus Reiling
|
|
Batting: RHB Aaron Bryant
|
0-0: Ball 1-0: Ball 2-0: Ball 3-0: Called Strike 3-1: Base on Balls
|
|
Batting: SHB David Vigo
|
0-0: DOUBLE (Flyball, 8LD, EV 83.8 MPH) Aaron Bryant to third
|
|
Batting: SHB Marty Kuehn
|
0-0: Foul Ball, location: 2F 0-1: Called Strike 0-2: Ball 1-2: Strikes out swinging
|
|
Pinch Hitting: RHB Brian Spry
|
0-0: Ball Wild Pitch! Aaron Bryant scores David Vigo to third 1-0: Called Strike 1-1: Ball 2-1: Ball 3-1: Base on Balls
|
|
Batting: RHB Carlos Gonzales
|
0-0: Fielders Choice at 2nd, 6-4 (Groundball, 6, EV 83.1 MPH) David Vigo scores
|
|
Batting: RHB Daniel Molina
|
0-0: Ball 1-0: Ball 2-0: Ball 3-0: Called Strike 3-1: Base on Balls Carlos Gonzales to second
|
|
Batting: RHB Fred Saxton
|
0-0: Ball 1-0: Called Strike 1-1: Ball 2-1: Foul Ball, location: 2F 2-2: Foul Ball, location: 2F 2-2: Hit by Pitch Carlos Gonzales to third Daniel Molina to second
|
|
Batting: LHB Ramon Garduno
|
0-0: Foul Ball, location: 2F 0-1: Swinging Strike 0-2: Strikes out swinging
|
| Bottom of the 5th over - 2 runs, 1 hit, 0 errors, 3 left on base; Bluefield 3 - Orem 2 |
| TOP OF THE 6TH |
|
Bluefield Blue Jays batting - Pitching for Orem Owlz : RHP Michael Coleman
|
|
Now in LF: Brian Spry
|
|
|
Batting: RHB Jorge Cruz
|
0-0: Swinging Strike 0-1: Foul Ball, location: 2F 0-2: Strikes out looking
|
|
Pitching: RHP Jerry Romero
|
|
|
Batting: RHB Mark Noftall
|
0-0: Ball 1-0: Ball 2-0: Called Strike 2-1: Ball 3-1: Base on Balls
|
|
Batting: RHB Terry Plumley
|
Pickoff Throw to First - Error! E1 Mark Noftall to second 0-0: Ball Wild Pitch! Mark Noftall to third 1-0: Fly out, F8 (Flyball, 8LXD, EV 95.6 MPH) Runner from 3rd tags up, SCORES, no throw by CF
|
|
Batting: RHB John Rios
|
0-0: Ball 1-0: Foul Ball, location: 2F 1-1: Ball 2-1: Fly out, F2 (Popup, 23F, EV 81.2 MPH)
|
| Top of the 6th over - 1 run, 0 hits, 1 error, 0 left on base; Bluefield 4 - Orem 2 |
| BOTTOM OF THE 6TH |
|
Orem Owlz batting - Pitching for Bluefield Blue Jays : RHP Marcus Reiling
|
|
Batting: SHB Yuya Hirata
|
0-0: Ground out 4-3 (Groundball, 4, EV 80.6 MPH)
|
|
Batting: RHB Aaron Bryant
|
0-0: SINGLE (Flyball, 8RS, EV 95.0 MPH)
|
|
Batting: SHB David Vigo
|
0-0: Ball 1-0: Called Strike 1-1: Foul Ball, location: 2F 1-2: Foul Ball, location: 2F 1-2: Ball 2-2: SINGLE (Groundball, 4MD, EV 103.1 MPH) Aaron Bryant to second
|
|
Batting: SHB Marty Kuehn
|
0-0: Ball 1-0: Ball 2-0: Called Strike 2-1: Foul Ball, location: 2F 2-2: Foul Ball, location: 2F 2-2: Foul Ball, location: 2F 2-2: Fly out, F9 (Flyball, 9S, EV 91.2 MPH)
|
|
Batting: RHB Brian Spry
|
0-0: Foul Ball, location: 2F 0-1: Called Strike 0-2: Ball 1-2: Foul Ball, location: 2F 1-2: Ball 2-2: Ball 3-2: Base on Balls Aaron Bryant to third David Vigo to second
|
|
Pinch Hitting: RHB Ivan Barrientos
|
0-0: Ball 1-0: Swinging Strike 1-1: Called Strike 1-2: Foul Ball, location: 2F 1-2: Ground out 6-3 (Groundball, 6M, EV 79.4 MPH)
|
| Bottom of the 6th over - 0 runs, 2 hits, 0 errors, 3 left on base; Bluefield 4 - Orem 2 |
| TOP OF THE 7TH |
|
Bluefield Blue Jays batting - Pitching for Orem Owlz : RHP Jerry Romero
|
|
Now in CF: Ivan Barrientos
|
|
|
Batting: RHB Dustin Bargman
|
0-0: Ball 1-0: Foul Ball, location: 2F 1-1: Ball 2-1: Foul Ball, location: 2F 2-2: Ball 3-2: Foul Ball, location: 2F 3-2: Ground out 2-3 (Groundball, 2R, EV 71.9 MPH)
|
|
Batting: LHB Ron de Vos
|
0-0: Called Strike 0-1: Ball 1-1: Called Strike 1-2: Ball 2-2: Fly out, F8 (Flyball, 78M, EV 83.1 MPH)
|
|
Batting: RHB Manny Elizondo
|
0-0: Called Strike 0-1: Ball 1-1: Called Strike 1-2: Strikes out swinging
|
| Top of the 7th over - 0 runs, 0 hits, 0 errors, 0 left on base; Bluefield 4 - Orem 2 |
| BOTTOM OF THE 7TH |
|
Orem Owlz batting - Pitching for Bluefield Blue Jays : RHP Marcus Reiling
|
|
Pitching: RHP Eric Bessire
|
|
|
Now at 2B: Nate Greening
|
|
|
Now at SS: Bobby Roldan
|
|
|
Now in LF: Manny Elizondo
|
|
|
Now in CF: Ron de Vos
|
|
|
Now in RF: Benedikt Fleischmann
|
|
|
Batting: RHB Daniel Molina
|
0-0: Called Strike 0-1: Foul Ball, location: 2F 0-2: Foul Ball, location: 2F 0-2: Ball 1-2: Foul Ball, location: 2F 1-2: Ball 2-2: Ball 3-2: Strikes out swinging
|
|
Batting: RHB Fred Saxton
|
0-0: Ball 1-0: Fly out, F7 (Flyball, 7LM, EV 86.9 MPH)
|
|
Batting: LHB Ramon Garduno
|
0-0: Ball 1-0: Called Strike 1-1: Fly out, F8 (Flyball, 8RM, EV 83.8 MPH)
|
| Bottom of the 7th over - 0 runs, 0 hits, 0 errors, 0 left on base; Bluefield 4 - Orem 2 |
| TOP OF THE 8TH |
|
Bluefield Blue Jays batting - Pitching for Orem Owlz : RHP Jerry Romero
|
|
Batting: RHB Bobby Roldan
|
0-0: Called Strike 0-1: Foul Ball, location: 2F 0-2: Ball 1-2: Ball 2-2: Foul Ball, location: 2F 2-2: Ground out 5-3 (Groundball, 56, EV 85.6 MPH)
|
|
Batting: LHB Nate Greening
|
0-0: Foul Ball, location: 2F 0-1: Ball 1-1: Ball 2-1: Swinging Strike 2-2: Foul Ball, location: 2F 2-2: Foul Ball, location: 2F 2-2: Strikes out swinging
|
|
Batting: RHB Benedikt Fleischmann
|
0-0: Ball 1-0: Ground out 6-3 (Groundball, 6, EV 107.5 MPH)
|
| Top of the 8th over - 0 runs, 0 hits, 0 errors, 0 left on base; Bluefield 4 - Orem 2 |
| BOTTOM OF THE 8TH |
|
Orem Owlz batting - Pitching for Bluefield Blue Jays : RHP Eric Bessire
|
|
Batting: SHB Yuya Hirata
|
0-0: Called Strike 0-1: Hit by Pitch
|
|
Batting: RHB Aaron Bryant
|
0-0: Foul Ball, location: 2F 0-1: Ball 1-1: Fielders Choice at 2nd, 5-4 (Groundball, 56, EV 86.9 MPH)
|
|
Batting: SHB David Vigo
|
0-0: Ball 1-0: Ball 2-0: Ball 3-0: Called Strike 3-1: Base on Balls Aaron Bryant to second
|
|
Pinch Hitting: LHB Edgar van der Meeren
|
0-0: Ball 1-0: Ball 2-0: Foul Ball, location: 2F 2-1: Foul Ball, location: 2F 2-2: Ball 3-2: Grounds into double play, 3-6-3 (Groundball, 3, EV 99.4 MPH)
|
| Bottom of the 8th over - 0 runs, 0 hits, 0 errors, 1 left on base; Bluefield 4 - Orem 2 |
| TOP OF THE 9TH |
|
Bluefield Blue Jays batting - Pitching for Orem Owlz : RHP Jerry Romero
|
|
Pitching: RHP Matt Doherty
|
|
|
Now at C: Edgar van der Meeren
|
|
|
Batting: LHB Lothar Middelkoop
|
0-0: Foul Ball, location: 2F 0-1: Swinging Strike 0-2: Ball 1-2: Fly out, F7 (Flyball, 78S, EV 89.4 MPH)
|
|
Batting: RHB Terry Plumley
|
0-0: Ball 1-0: Ball 2-0: Foul Ball, location: 2F 2-1: Foul Ball, location: 2F 2-2: Ball 3-2: Base on Balls
|
|
Batting: RHB John Rios
|
0-0: Ball 1-0: Grounds into double play, 6-4-3 (Groundball, 6, EV 86.9 MPH)
|
| Top of the 9th over - 0 runs, 0 hits, 0 errors, 0 left on base; Bluefield 4 - Orem 2 |
| BOTTOM OF THE 9TH |
|
Orem Owlz batting - Pitching for Bluefield Blue Jays : RHP Eric Bessire
|
|
Pitching: RHP Dave Vandehey
|
|
|
Batting: RHB Brian Spry
|
0-0: Called Strike 0-1: Ball 1-1: Swinging Strike 1-2: Fly out, F3 (Popup, 23F, EV 74.4 MPH)
|
|
Batting: RHB Ivan Barrientos
|
0-0: Called Strike 0-1: Foul Ball, location: 2F 0-2: Foul Ball, location: 2F 0-2: Ball 1-2: Ball 2-2: Ground out 6-3 (Groundball, 6, EV 88.8 MPH)
|
|
Batting: RHB Daniel Molina
|
0-0: Ball 1-0: Foul Ball, location: 2F 1-1: Ball 2-1: Foul Ball, location: 2F 2-2: Foul Ball, location: 2F 2-2: Ball 3-2: Hit by Pitch
|
|
Batting: RHB Fred Saxton
|
0-0: Ball 1-0: Called Strike 1-1: SINGLE (Line Drive, 56D, EV 108.1 MPH) Daniel Molina to second
|
|
Batting: LHB Ramon Garduno
|
0-0: Ground out 4-3 (Groundball, 4, EV 81.9 MPH)
|
| Bottom of the 9th over - 0 runs, 1 hit, 0 errors, 2 left on base; Bluefield 4 - Orem 2 |
|